Map: Ruby Rock LE

Players

GAMEL

  • Race: Terran Terran
  • League: Diamond
  • Spawn Location: 5:00

PrinceAbubu - Winner!

  • Race: Zerg Zerg
  • League: Diamond
  • Spawn Location: 11:00

VOD

Have the link to the VOD?

Description

Time

  • Played on: Dec. 23, 2025, 10:04 a.m.
  • Length: 16:06
Show
View Real Time Build Order
Export as new Build Order

GAMEL Terran 

Build Orders: Hellion Opening, Mech 

Get SALT Encoding   

  12  0:02  SCV  
  13  0:14  SCV  
  13  0:18  Supply Depot  
  14  0:26  SCV  
  15  0:31  Refinery  
  15  0:40  SCV  
  16  0:45  Barracks  
  16  0:52  SCV  
  17  1:04  SCV  
  18  1:16  SCV  
  19  1:32  Orbital Command  
  19  1:42  Barracks Reactor  
  19  1:46  Command Center  
  19  1:58  Factory  
  19  2:01  SCV  
  20  2:10  Supply Depot  
  20  2:13  SCV  
  21  2:18  Marine x2  
  23  2:32  SCV  
  24  2:47  Command Center  
  24  2:48  Barracks Tech Lab  
  24  2:54  Hellion  
  24  2:57  Hellion  
  28  3:04  SCV  
  29  3:07  Orbital Command  
  29  3:15  Hellion  
  29  3:18  Hellion  
  29  3:19  SCV  
  34  3:30  Factory  
  34  3:31  SCV  
  34  3:33  Refinery  
  35  3:35  SCV  
  35  3:40  Hellion  
  38  3:44  Hellion  
  38  3:45  SCV  
  41  3:52  Marine  
  41  3:53  SCV  
  43  3:57  SCV  
  43  4:00  Supply Depot, SCV  
  45  4:03  Hellion  
  45  4:05  Hellion  
  45  4:07  SCV  
  50  4:10  SCV  
  50  4:14  SCV  
  52  4:18  Infernal Pre-Igniter  
  52  4:19  SCV  
  52  4:22  SCV  
  54  4:26  SCV  
  54  4:27  Supply Depot  
  55  4:39  Widow Mine x2  
  55  4:41  Engineering Bay  
  49  4:47  Widow Mine  
  49  4:50  Marine  
  49  4:51  Engineering Bay  
  50  4:56  Bunker  
  50  4:57  Bunker  
  50  5:00  Supply Depot, Refinery x2  
  50  5:07  Widow Mine  
  50  5:08  Widow Mine  
  50  5:10  Missile Turret  
  50  5:11  Missile Turret  
  53  5:15  Missile Turret  
  52  5:24  SCV  
  52  5:26  Orbital Command, Widow Mine  
  55  5:35  Widow Mine x2  
  57  5:39  SCV  
  57  5:45  Armory  
  57  5:46  SCV  
  58  5:51  Widow Mine, SCV  
  58  5:54  Missile Turret, SCV  
  58  5:57  Widow Mine  
  64  6:00  Missile Turret, SCV  
  64  6:03  SCV  
  65  6:19  Supply Depot  
  65  6:20  Siege Tank  
  65  6:21  Hellion x2  
  65  6:22  Missile Turret  
  72  6:28  Missile Turret, SCV  
  72  6:29  SCV x2  
  75  6:41  Factory, SCV x2  
  75  6:44  Factory  
  77  6:49  Factory  
  77  6:51  SCV  
  77  6:53  SCV x2  
  80  7:04  SCV  
  80  7:05  Supply Depot  
  80  7:06  Siege Tank  
  80  7:07  Hellion x2, Supply Depot  
  88  7:08  SCV  
  88  7:10  Terran Vehicle Weapons Level 1  
  88  7:13  Armory  
  88  7:14  SCV  
  90  7:16  SCV  
  90  7:20  SCV  
  92  7:24  Missile Turret  
  92  7:29  Hellion  
  94  7:30  Factory Tech Lab x2  
  94  7:33  Factory Tech Lab  
  94  7:40  Thor  
  100  7:49  Thor  
  106  7:59  Supply Depot  
  106  8:01  Supply Depot x2  
  106  8:03  Missile Turret  
  106  8:04  Missile Turret  
  106  8:06  Thor  
  106  8:10  Hellion  
  106  8:11  Hellion x2  
  106  8:25  Orbital Command  
  106  8:26  Refinery  
  106  8:27  Refinery  
  106  8:45  Terran Vehicle And Ship Armor Level 1  
  106  8:49  Hellion x3  
  106  8:50  Hellion x3  
  118  9:01  Supply Depot  
  118  9:04  Smart Servos  
  118  9:05  Drilling Claws, Supply Depot  
  118  9:07  Supply Depot  
  118  9:11  Hellion, SCV x2  
  118  9:12  SCV  
  123  9:23  SCV x2  
  125  9:27  Hellion, Supply Depot  
  125  9:28  Hellion x4  
  135  9:32  Hellion, Supply Depot  
  135  9:33  SCV  
  135  9:36  SCV x2  
  140  9:44  Command Center  
  140  9:45  SCV  
  141  9:49  Hellion  
  141  9:50  SCV  
  141  9:51  SCV  
  145  9:53  Missile Turret  
  145  9:57  Missile Turret, SCV  
  146  10:04  Missile Turret  
  146  10:06  Siege Tank  
  146  10:07  Siege Tank x3  
  155  10:08  Hellion  
  155  10:10  Hellion  
  109  10:39  Siege Tank  
  109  10:40  Siege Tank x3  
  109  10:41  Hellion x2  
  110  11:00  Orbital Command  
  110  11:02  Hellion x2  
  104  11:11  Siege Tank  
  82  11:19  Hellion  
  82  11:28  SCV x3  
  85  11:34  Planetary Fortress  
  85  11:40  SCV x3  
  85  11:45  Siege Tank x4  
  85  11:46  Hellion x2  
  104  11:49  Terran Vehicle And Ship Armor Level 2, Terran Vehicle Weapons Level 2  
  104  11:52  SCV  
  105  12:00  SCV x2  
  107  12:04  SCV  
  108  12:12  SCV x2  
  110  12:18  Siege Tank x4  
  110  12:19  Hellion x2  
  126  12:23  SCV x2  
  126  12:24  Missile Turret, SCV  
  126  12:27  Missile Turret x2  
  119  12:43  Hellion x2  
  123  12:50  Siege Tank  
  123  12:51  Hellion x3  
  132  13:04  Hellion x2  
  135  13:12  Siege Tank x2, Hellion  
  139  13:23  Thor  
  136  13:33  Thor  
  142  13:39  Hellion x2  
  146  13:44  Thor  
  146  13:46  Thor  
  146  13:52  Command Center  
  132  13:58  SCV x3  
  132  14:01  Hellion x2  
  128  14:07  Hellion  
  128  14:10  SCV x3  
  131  14:22  SCV x2  
  133  14:30  SCV  
  130  14:34  SCV x2  
  116  14:41  Thor x2  
  116  14:42  SCV  
  99  14:46  SCV x2  
  99  14:48  Refinery  
  101  14:54  SCV  
  101  14:58  SCV  
  103  15:04  Starport  
  103  15:05  Thor x6  
  103  15:07  Hellion x6  
  103  15:15  SCV  
  103  15:16  SCV x2  
  106  15:29  Siege Tank  
  106  15:30  Siege Tank x3  
  106  15:31  Hellion x2  
  122  15:36  Missile Turret  
Show
View Real Time Build Order
Export as new Build Order

PrinceAbubu Zerg - Winner!

Build Orders: Hatch First, Brood Lord Corruptor 

Get SALT Encoding   

  12  0:00  Drone  
  13  0:07  Drone  
  14  0:15  Extractor  
  14  0:16  Drone  
  15  0:24  Overlord  
  15  0:43  Drone  
  15  0:46  Hatchery  
  16  0:50  Drone  
  16  0:53  Drone  
  17  0:57  Extractor  
  17  0:59  Drone  
  17  1:13  Spawning Pool  
  16  1:20  Drone x2  
  18  1:27  Drone  
  19  1:45  Drone  
  20  1:49  Drone  
  21  2:00  Lair, Extractor  
  21  2:01  Queen  
  20  2:03  Zergling x4  
  24  2:10  Drone x2  
  26  2:20  Drone x2  
  28  2:32  Metabolic Boost  
  28  2:38  Extractor  
  28  2:43  Overlord  
  27  2:45  Drone  
  28  3:00  Spire  
  28  3:01  Queen  
  28  3:04  Drone x4  
  33  3:11  Overlord  
  33  3:23  Drone x2  
  33  3:24  Drone  
  36  3:32  Overlord x2  
  36  3:35  Drone  
  36  3:37  Drone  
  38  3:43  Drone x2  
  40  4:06  Mutalisk x5  
  50  4:19  Drone  
  50  4:20  Drone  
  50  4:21  Drone x4  
  56  4:24  Overlord  
  40  4:55  Drone x2  
  40  4:57  Drone  
  40  4:59  Drone x2  
  45  5:01  Drone x5  
  50  5:12  Zergling x2  
  50  5:13  Zergling x2  
  52  5:19  Zergling x4  
  54  5:27  Zergling x8  
  58  5:41  Drone x2  
  60  5:45  Hatchery  
  60  5:49  Infestation Pit  
  58  5:51  Drone x4  
  58  5:54  Overlord  
  62  6:02  Drone  
  63  6:11  Drone x2  
  63  6:19  Drone  
  63  6:25  Extractor, Drone x7  
  70  6:36  Hive  
  70  6:43  Evolution Chamber  
  70  6:45  Evolution Chamber  
  68  6:49  Extractor  
  68  6:50  Queen  
  68  6:53  Extractor  
  68  7:00  Zerg Flyer Weapons Level 1  
  68  7:01  Zergling x2  
  68  7:02  Zergling x18  
  68  7:03  Queen  
  68  7:07  Overlord  
  80  7:12  Overlord  
  80  7:13  Zerg Ground Armor Level 1  
  80  7:14  Zerg Melee Weapons Level 1  
  80  7:17  Drone x2  
  82  7:27  Drone  
  82  7:28  Drone x6  
  89  7:38  Queen  
  89  7:41  Drone x4  
  89  7:43  Overseer  
  95  7:54  Ultralisk Cavern  
  95  7:56  Overlord x4  
  95  7:58  Drone x4  
  93  8:10  Drone  
  93  8:11  Drone x2  
  93  8:12  Drone x2  
  97  8:14  Overlord x3  
  97  8:29  Hatchery  
  96  8:41  Chitinous Plating  
  96  8:44  Ultralisk x2  
  96  8:47  Ultralisk  
  114  8:52  Spine Crawler  
  114  8:53  Spine Crawler  
  114  8:54  Ultralisk  
  118  8:59  Adrenal Glands  
  118  9:07  Zerg Ground Armor Level 2  
  118  9:09  Zerg Melee Weapons Level 2  
  118  9:14  Extractor  
  117  9:19  Extractor  
  116  9:25  Ultralisk x2  
  116  9:27  Drone x5  
  133  9:40  Drone x11  
  144  9:55  Zergling x18  
  144  9:56  Zergling x4  
  155  10:08  Drone x3  
  155  10:12  Spine Crawler  
  134  10:28  Zergling x26  
  126  10:36  Zergling x14  
  133  10:46  Greater Spire  
  120  11:05  Zergling x30  
  121  11:22  Overlord x2  
  121  11:23  Overlord x3  
  121  11:25  Ultralisk x5  
  151  11:32  Queen  
  151  11:36  Corruptor x3  
  151  11:38  Overlord  
  151  11:39  Overlord x2  
  159  11:43  Zerg Ground Armor Level 3  
  159  11:44  Zerg Melee Weapons Level 3  
  159  11:51  Ultralisk x2  
  171  12:19  Hatchery  
  171  12:21  Corruptor x5  
  177  12:34  Hatchery  
  168  12:39  Viper x4  
  173  12:56  Zergling x2  
  173  12:57  Zergling x48  
  141  13:31  Corruptor x3  
  141  13:32  Corruptor  
  149  13:44  Ultralisk x7  
  174  14:01  Brood Lord x2  
  174  14:04  Zergling x18  
  179  14:27  Extractor  
  175  14:31  Extractor  
  169  14:43  Drone  
  169  14:44  Drone x2  
  169  14:45  Drone x3  
  175  14:51  Brood Lord x7  
  189  14:54  Zergling x10  
  189  14:55  Zergling x10  
Tags
 
Add a new tag
Caveats
  • Supply blocks, unpowered buildings, or Contaminate may cause inaccurate times.
  • Supply counts are checked every 10 seconds.